 Dungeon Crawl Stone Soup version 0.24.0-123-gd5b16e6ec5 (webtiles) character file.

Game seed: 4224335414405087393, levelgen mode: deterministic

235 Norian the Conjurer (level 5, -1/28 HPs)
             Began as a Deep Elf Conjurer on Dec 19, 2019.
             Killed by nerve-wracking pain
             ... invoked by an orc priest
              (9 damage)
             ... on level 3 of the Dungeon.
             The game lasted 00:06:36 (2775 turns).

Norian the Conjurer (Deep Elf Conjurer)             Turns: 2775, Time: 00:06:36

Health: -1/28      AC:  4    Str:  6      XL:     5   Next: 76%
Magic:  0/15       EV: 13    Int: 24 (25) God:
Gold:   80         SH:  0    Dex: 15      Spells: 6/15 levels left

rFire    . . .     SeeInvis .   k - +2 short sword (speed)
rCold    . . .     Gourm    .   (no shield)
rNeg     . . .     Faith    .   a - +0 robe
rPois    .         Spirit   .   p - +0 helmet
rElec    .         Reflect  .   g - +0 cloak
rCorr    .         Harm     .   (no gloves)
MR       .....                  (no boots)
Stlth    ++........             (no amulet)
HPRegen  0.09/turn              (no ring)
MPRegen  0.14/turn              (no ring)

@: brilliant, very slightly contaminated
A: no striking features
a: no special abilities


You were on level 3 of the Dungeon.
You were hungry.

You visited 1 branch of the dungeon, and saw 3 of its levels.

You collected 80 gold pieces.

Inventory:

Hand Weapons
 k - a +2 short sword of speed (weapon)
Armour
 a - a +0 robe (worn)
 g - a +0 cloak (worn)
 p - a +0 helmet (worn)
Scrolls
 b - 3 scrolls of identify {unknown}
 e - 2 scrolls of remove curse {unknown}
 f - 3 scrolls of teleportation {unknown}
 h - 2 scrolls of enchant weapon {unknown}
 l - 2 scrolls of blinking {unknown}
 n - a scroll of random uselessness {unknown}
 o - a scroll of magic mapping {unknown}
 q - a scroll of fear {unknown}
 s - a scroll of amnesia {unknown}
Potions
 d - a potion of lignification {unknown}
 i - a potion of berserk rage {unknown}
 j - a potion of brilliance
 r - a potion of curing
Comestibles
 c - 7 rations


   Skills:
 - Level 2.4 Dodging
 - Level 2.4 Stealth
 + Level 5.9 Spellcasting
 + Level 6.1 Conjurations
 + Level 1.8 Hexes


You had 6 spell levels left.
You knew the following spells:

 Your Spells              Type           Power        Failure   Level  Hunger
a - Magic Dart            Conj           ####         1%          1    None
b - Iskenderun's Mystic   Conj           ######..     1%          4    ###....
c - Fulminant Prism       Conj/Hex       #####.....   1%          4    ###....

Your spell library contained the following spells:

 Spells                   Type           Power        Failure   Level  Hunger
 Searing Ray              Conj           ######       1%          2    None
 Dazzling Spray           Conj/Hex       #####.       1%          3    #......
 Force Lance              Conj/Tloc      #####...     2%          4    ###....


Dungeon Overview and Level Annotations

Branches:
Dungeon (3/15)

Altars:

Annotations:
D:3 Sigmund


Message History

Press: ? - help, Shift-Dir - straight line, f/p - orc priest
Aim: an orc priest, wielding a +0 club and wearing a +0 scale mail (almost dead)
The magic dart hits the orc priest.
The orc priest is almost dead.
The orc priest closely misses you.
Okay, then.
You aren't carrying any items that you can evoke.
Unknown command.
Okay, then.
It was a potion of brilliance.
You feel clever all of a sudden.
Casting: Magic Dart (safe; 1% risk of failure)
Confirm with . or Enter, or press ? or * to list all spells.
You don't have enough magic to cast that spell.
Unknown command.
You closely miss the orc priest.
The orc priest is almost dead.
The orc priest mumbles some strange prayers to Beogh against you.
Pain shoots through your body!
You die...

### ### ### .## #..
#.###.# ..... #.#
##...### #...# #.# #
#.....P# #...# #.# #..
#..P..## #...# #.# ..
.##
#P.....######...###.#
...
..##.#†@###.............
.... #.###o##
.............
.....#..##.†#
.......÷..<..
.†....o...†.#
#####...#####
#.......###.# #...# #
#.#####.# #†# #>..# #
..# #.# #...# # #### #.#
#...# # ##.########...#
##


You could see an orc priest.

Vanquished Creatures
  Robin (D:3)
  11 adders
  An ooze (D:2)
  2 worms
  A dart slug (D:1)
  4 leopard geckos
  3 orcs (D:3)
  7 ball pythons
  4 giant cockroaches
  19 goblins
  13 hobgoblins
  11 jackals
  A quokka (D:3)
  4 bats
  3 frilled lizards
  7 kobolds
  6 rats
98 creatures vanquished.

Vanquished Creatures (others)
  3 fulminant prisms (D:3)
3 creatures vanquished.

Grand Total: 101 creatures vanquished

Notes
Turn   | Place    | Note
-------+----------+-------------------------------------------
     0 | D:1      | Norian the Deep Elf Conjurer began the quest for the Orb.
     0 | D:1      | Reached XP level 1. HP: 10/10 MP: 6/6
   301 | D:1      | Reached XP level 2. HP: 15/15 MP: 3/8
   925 | D:2      | Reached skill level 5 in Conjurations
   925 | D:2      | Reached XP level 3. HP: 19/19 MP: 5/10
  1281 | D:2      | Reached XP level 4. HP: 22/24 MP: 9/12
  1361 | D:2      | Reached skill level 5 in Spellcasting
  1873 | D:2      | Reached XP level 5. HP: 28/28 MP: 10/14
  1951 | D:3      | Learned a level 4 spell: Iskenderun's Mystic Blast
  1956 | D:3      | Learned a level 4 spell: Fulminant Prism
  1981 | D:3      | Noticed Sigmund
  2370 | D:3      | Reached skill level 1 in Hexes
  2370 | D:3      | Reached skill level 6 in Conjurations
  2374 | D:3      | Noticed Robin
  2392 | D:3      | Killed Robin
  2775 | D:3      | Killed from afar by an orc priest

Levels and vault maps discovered:
D:1:      giann_wishing_wells, layout_basic
D:2:      layout_basic, first_ration
D:3:      kennysheep_goblin_castle, layout_loops_cross,
          minmay_shallow_snake_nest, uniq_sigmund

Skill      XL: |  1  2  3  4  5 |
---------------+----------------+-----
Spellcasting   | 4 5 |  5.9
Conjurations   | 5 6 |  6.1
Hexes          | 1 |  1.8
Dodging        | |  2.4
Stealth        | |  2.4

Action                   |  1- 3 |  4- 6 || total
-------------------------+-------+-------++-------
Melee: Unarmed           |     2 |     7 ||     9
       Short sword       |       |    23 ||    23
 Cast: Magic Dart        |    68 |   125 ||   193
       Iskenderun's Myst |       |     3 ||     3
       Fulminant Prism   |       |     3 ||     3
  Use: Potion            |     3 |     2 ||     5
 Stab: Sleeping          |       |     1 ||     1
  Eat: Chunk             |       |     6 ||     6
Armor: Robe              |       |     7 ||     7
Dodge: Dodged            |     8 |    35 ||    43
